 Dungeon Crawl Stone Soup version 0.30.1 (webtiles) character file.

Game seed: 11644267410483853428

31 Sabo the Trooper (level 3, 29/29 HPs)
             Began as a Demonspawn Monk on July 2, 2023.
             Got out of the dungeon alive.
             The game lasted 00:03:10 (870 turns).

Sabo the Trooper (Demonspawn Monk)                   Turns: 870, Time: 00:03:10

Health: 29/29      AC:  5    Str: 13    XL:     3   Next: 7%
Magic:  3/3        EV: 12    Int: 11    God:
Gold:   15         SH:  0    Dex: 15    Spells: 2/2 levels left

rFire   . . .        a - +0 hand axe
rCold   . . .        d - orb {light}
rNeg    . . .        f - +0 leather armour
rPois   .            (no helmet)
rElec   .            (no cloak)
rCorr   .            (no gloves)
SInv    .            (no boots)
Will    .....        (no amulet)
Stlth   +            (no ring)
HPRegen 0.24/turn    (no ring)
MPRegen 0.08/turn

%: no passive effects
@: glowing
A: molten scales 1, demonic touch 1
a: no special abilities


You escaped.
You visited 1 branch of the dungeon, and saw 1 of its levels.

You collected 15 gold pieces.

Inventory:

Hand Weapons
 a - a +0 hand axe (weapon)
Missiles
 e - 6 poisoned darts (quivered)
Armour
 d - an orb of light (worn)
 f - a +0 leather armour (worn)
Scrolls
 g - a scroll of fear {unknown}
 h - 3 scrolls of teleportation {unknown}
 i - a scroll of identify {unknown}
 j - a scroll of blinking {unknown}
 k - a scroll of poison {unknown}
Potions
 b - a potion of brilliance {unknown}
 c - a potion of ambrosia


   Skills:
 + Level 3.3 Fighting
 + Level 3.0 Axes
 + Level 0.1 Armour
 + Level 3.2 Dodging


You had 2 spell levels left.
You didn't know any spells.
Your spell library was empty.

Dungeon Overview and Level Annotations

Branches:
Dungeon (1/15)

Altars:

Shops:
D:1 !


Innate Abilities, Weirdness & Mutations

You are partially covered in molten scales. (AC +2)
Your touch may inflict minor irresistible damage on your foes.


Message History

You hit the dart slug.
You kill the dart slug!
You have reached level 3!
Your experience leads to an increase in your attributes!
Increase (S)trength, (I)ntelligence, or (D)exterity?
You feel stronger. x2; Your demonic ancestry asserts itself...
Your hands begin to faintly glow with unholy energy.
You start resting.
HP restored.
An endoplasm comes into view.
The endoplasm quivers.
The endoplasm hits you.
You see here a +0 robe.
The endoplasm attacks as you move away! The endoplasm barely misses you.
The endoplasm jiggles.
The endoplasm closely misses you.
You hit the endoplasm.
The endoplasm is severely wounded.
The endoplasm hits you but does no damage.
You hit the endoplasm but do no damage.
The endoplasm is severely wounded.
The endoplasm barely misses you.
You hit the endoplasm but do no damage.
The endoplasm is severely wounded.
The endoplasm hits you.
You hit the endoplasm.
You kill the endoplasm!
You see here a +0 robe.
You see here a rat corpse.
Things that are here:
a +0 dagger; a bat skeleton; a goblin skeleton
Things that are here:
a +0 dagger; a stone
There is an open door here.
You see here a +0 club.
There is an open door here.
There is a staircase leading out of the dungeon here.
You can't go down here!
Are you sure you want to leave the Dungeon?
This will make you lose the game!
You have escaped!

#.#..#..#...# #...#
#.##...#...##+#####...#
#.##........#..#......#
).).#....#.....'......#
..##....##.##..#......#
..#.....#...#'#####...#
..#..#.....##.#...#...#
..###......#..#...#...#
..#####.....#.'.@.#.#.#
...# #.....#.#...#.#..#
##.# #.....#+#####.#.>#
# ..#
##..###..#....#### #
#..##.#......'....# #
#.####..#...#....# # ..
#.#.##'#####.# #
#..###....#...#.# # #..
###..#...#.#


There were no monsters in sight!

Vanquished Creatures
  A dart slug (D:1)
  2 bats (D:1)
  2 endoplasms (D:1)
  4 goblins (D:1)
  5 hobgoblins (D:1)
  3 kobolds (D:1)
  3 quokkas (D:1)
  2 ball pythons (D:1)
  3 rats (D:1)
25 creatures vanquished.

Notes
Turn   | Place    | Note
-------+----------+-------------------------------------------
     0 | D:1      | Sabo the Demonspawn Monk began the quest for the Orb.
     0 | D:1      | Reached XP level 1. HP: 18/18 MP: 1/1
   150 | D:1      | Gained mutation: You are partially covered in molten
                  | scales. (AC +2) [demonic ancestry]
   150 | D:1      | Reached XP level 2. HP: 24/24 MP: 2/2
   597 | D:1      | Found Risepez's Distillery.
   697 | D:1      | Gained mutation: Your touch may inflict minor irresistible
                  | damage on your foes. [demonic ancestry]
   697 | D:1      | Reached XP level 3. HP: 22/29 MP: 3/3
   870 | D:$      | Got out of the dungeon alive.

Illustrated notes

Levels and vault maps discovered:
D:1:      arrival_zaba_pyramid, layout_basic, serial_glass, glass_columns_b,
          glass_columns_b, serial_shops, nicolae_shop_industrial_runoff,
          minmay_gold_behind_fungi

Skill      XL: |  1  2 |
---------------+-------+-----
Dodging        | 3 |  3.2
Axes           | 3 |  3.0
Fighting       | |  3.3
Armour         | |  0.1

Action                     || total
---------------------------++-------
  Melee: Hand axe          ||    64
 Armour: Robe              ||     5
         Leather armour    ||    17
  Dodge: Dodged            ||    57
